 Dungeon Crawl Stone Soup version 0.30-a0-242-g7bf8e6d787 (webtiles) character file.

Game seed: 14682472593294844107

8 ragingrage the Sneak (level 2, -1/24 HPs)
             Began as a Formicid Delver on Oct 11, 2022.
             Slain by a worm (6 damage)
             ... on level 5 of the Dungeon.
             The game lasted 00:00:42 (244 turns).

ragingrage the Sneak (Formicid Delver)               Turns: 244, Time: 00:00:43

Health: -1/24      AC:  4    Str: 16    XL:     2   Next: 15%
Magic:  2/2        EV: 12    Int:  9    God:
Gold:   12         SH:  0    Dex: 15    Spells: 1/1 levels left

rFire   . . .      SeeInvis +    a - +0 hand axe
rCold   . . .      Faith    .    (no shield)
rNeg    . . .      Spirit   .    b - +0 leather armour
rPois   .          Reflect  .    (helmet unavailable)
rElec   .          Harm     .    (no cloak)
rCorr   .          Rampage  .    (no gloves)
Will    .....                    g - +0 pair of boots
Stlth   +++.......               i - amulet of the acrobat
HPRegen 0.24/turn                (no ring)
MPRegen 0.08/turn                (no ring)

@: no status effects
A: permanent stasis, dig shafts and tunnels, antennae 3, four strong arms
a: Dig, Shaft Self


You were on level 5 of the Dungeon.
You visited 1 branch of the dungeon, and saw 3 of its levels.

You collected 12 gold pieces.

Inventory:

Hand Weapons
 a - a +0 hand axe (weapon)
Missiles
 h - 6 boomerangs
Armour
 b - a +0 leather armour (worn)
 g - a +0 pair of boots (worn)
Jewellery
 i - an amulet of the acrobat (around neck)
Wands
 f - a wand of digging (3)
Scrolls
 c - a scroll of fog
 d - a scroll of magic mapping
 e - a scroll of fear
Potions
 j - a potion of mutation {unknown}


   Skills:
 - Level 3.2 Fighting
 + Level 2.7 Axes
 - Level 1.7 Dodging
 - Level 6.0 Stealth


You had one spell level left.
You didn't know any spells.
Your spell library was empty.

Dungeon Overview and Level Annotations

Branches:
Dungeon (6/15)
 Temple: D:4-7

Altars:


Innate Abilities, Weirdness & Mutations

You cannot be hasted, slowed, berserked, paralysed or teleported.
You can dig through walls and to a lower floor.
You have a pair of large antennae on your head. (SInv)
Your four strong arms can wield two-handed weapons with a shield.


Message History

You hit the kobold.
You kill the kobold!
The quokka twitches its whiskers.
You climb downwards.
There is a stone staircase leading up here.
A gnoll comes into view. It is wielding a +0 halberd.
A worm comes into view.
The worm moves out of view.
The worm barely misses you.
You hit the worm but do no damage. The worm barely misses you.
You barely miss the worm. You hit the worm.
The worm is moderately wounded.
The worm bites you!
You are too injured to fight recklessly!
You swing at nothing.
You hit the worm.
The worm is heavily wounded.
The worm bites you.
You hit the worm but do no damage.
The worm is heavily wounded.
You barely miss the worm.
The worm is heavily wounded.
The worm barely misses you.
You hit the worm.
The worm is severely wounded.
The worm bites you but does no damage.
You hit the worm.
The worm is severely wounded.
You hit the worm.
The worm is almost dead.
The worm closely misses you.
You barely miss the worm.
The worm is severely wounded.
The worm bites you!
* * * LOW HITPOINT WARNING * * *
You hit the worm.
The worm is almost dead.
The worm bites you.
You die...

#....... ... #.#
###.......{ #.###.#.
........ #.!.... #......
..#.....# #.....# #.......#
#.....# #....# ####.....#
##.#.#
.........#########.#.######
####....w@...............#
#....###########.....<#
#....# #....... #....#
#....... ###### #..#.#.#
#....... ####.... #.....
##....


You could see a worm.

Vanquished Creatures
  An ufetubus (D:5)
  An orc (D:6)
  A kobold (D:4)
3 creatures vanquished.

Vanquished Creatures (others)
  12 plants (D:5)
12 creatures vanquished.

Grand Total: 15 creatures vanquished

Notes
Turn   | Place    | Note
-------+----------+-------------------------------------------
     0 | D:5      | ragingrage the Formicid Delver began the quest for the Orb.
     0 | D:5      | Reached XP level 1. HP: 18/18 MP: 1/1
    30 | D:6      | Noticed a bullfrog
   111 | D:5      | Reached XP level 2. HP: 5/24 MP: 2/2
   192 | D:4      | Noticed a bullfrog
   244 | D:5      | Slain by a worm

Illustrated notes

Levels and vault maps discovered:
D:4:      layout_rooms, nicolae_sif_muna_condensation, minmay_misc_feat_encased
D:5:      layout_basic, mainiacjoe_overflow_cross_hatched, serial_shops,
          nicolae_diamond_shop, st_stairs_4, chequers_serial_rivers_small_a,
          uniq_blork_the_orc
D:6:      layout_rooms, lemuel_round_altar, mainiacjoe_overflow_24_doors,
          mainiacjoe_overflow_concentric_impassable, gammafunk_ghost_split,
          abandoned_shop

Action                   || total
-------------------------++-------
Melee: Hand axe          ||    23
Armor: Leather armour    ||     5
Dodge: Dodged            ||    20

Table legend: (Time is in decaauts)
 A = Elapsed time spent in this place.
 B = Non-inter-level travel time spent in this place.
 C = Inter-level travel time spent in this place.
 D = Time resting spent in this place.
 E = Time spent auto-exploring this place.
 F = Levels seen in this place.
 G = Mean time per level.
                   A        B        C        D        E       F      G
               +--------+--------+--------+--------+--------+-----+--------+
         Total |    250 |    237 |     13 |     88 |      7 |   3 |   83.3 |
       Dungeon |    250 |    237 |     13 |     88 |      7 |   3 |   83.3 |
               +--------+--------+--------+--------+--------+-----+--------+

Top non-repeatable levels by time:
     D:5: 177 daAuts
     D:6: 60 daAuts
     D:4: 12 daAuts
